 Dungeon Crawl Stone Soup version 0.27.1-34-g3ba077fa99 (webtiles) character file.

Game seed: 3783172068076524740

2419 sankara the Transmogrifier (level 9, -2/72 HPs)
             Began as a Pale Draconian Transmuter on Jan 28, 2022.
             Was a Follower of Ru.
             Slain by Maggie (10 damage)
             ... on level 7 of the Dungeon.
             The game lasted 00:22:33 (10383 turns).

sankara the Transmogrifier (DrTm)                  Turns: 10383, Time: 00:22:34

Health: -2/72      AC: 11    Str: 14    XL:     9   Next: 24%
Magic:  10/12      EV: 12    Int: 14    God:    Ru [*.....]
Gold:   203        SH:  0    Dex: 13    Spells: 2/12 levels left

rFire    . . .     SeeInvis .     - Unarmed
rCold    . . .     Faith    .   (no shield)
rNeg     . . .     Spirit   .   (armour unavailable)
rPois    .         Reflect  .   (helmet restricted)
rElec    .         Harm     .   w - +2 cloak {Will+}
rCorr    .         Rampage  .   g - +0 pair of gloves
Will     +....                  (no boots)
Stlth    +.........             (no amulet)
HPRegen  0.22/turn              o - ring of wizardry
MPRegen  0.13/turn              (no ring)

@: short of breath
A: breathe steam, AC +7, unfitting armour, cold-blooded, no air magic, no hexes
magic, no summoning magic, steam resistance
a: Breathe Steam, Renounce Religion


You were on level 7 of the Dungeon.
You worshipped Ru.
Ru was aware of your devotion.
You visited 2 branches of the dungeon, and saw 8 of its levels.

You collected 338 gold pieces.
You spent 135 gold pieces at shops.

Inventory:

Missiles
 f - 141 stones
 j - 10 sling bullets
 m - 16 poisoned darts
 n - a throwing net
 A - 3 boomerangs
 B - 2 atropa-tipped darts
Armour
 g - a +0 pair of gloves (worn)
 w - a +2 cloak of willpower (worn)
 z - a scarf of harm
Jewellery
 o - a ring of wizardry (left hand)
 F - a ring of willpower
Wands
 D - a wand of flame (17)
Scrolls
 b - a scroll of blinking {unknown}
 c - a scroll of silence {unknown}
 d - 5 scrolls of teleportation {unknown}
 h - 3 scrolls of magic mapping {unknown}
 i - 2 scrolls of fear {unknown}
 k - 4 scrolls of identify {unknown}
 l - a scroll of enchant armour {unknown}
 p - a scroll of immolation {unknown}
 s - 2 scrolls of vulnerability {unknown}
 t - a scroll of amnesia {unknown}
 y - a scroll of enchant weapon {unknown}
Potions
 a - 3 potions of curing {unknown}
 e - a potion of flight {unknown}
 r - a potion of attraction {unknown}
 u - 2 potions of lignification {unknown}
 v - a potion of invisibility {unknown}
 x - 3 potions of degeneration {unknown}
 C - 2 potions of heal wounds {unknown}
 E - a potion of berserk rage {unknown}


   Skills:
 + Level 4.6 Fighting
 + Level 2.2 Dodging
 + Level 7.2 Unarmed Combat
 - Level 2.0 Spellcasting
 + Level 8.4 Transmutations
 + Level 3.3 Ice Magic
 - Level 3.0 Poison Magic


You had 2 spell levels left.
You knew the following spells:

 Your Spells              Type           Power      Damage    Failure   Level
a - Beastly Appendage     Tmut           50%        N/A       1%          1
b - Wereblood             Tmut           25%        N/A       1%          2
c - Spider Form           Tmut/Pois      8%         N/A       2%          3
e - Ice Form              Ice/Tmut       17%        N/A       9%          4

Your spell library contained the following spells:

 Spells                   Type           Power      Damage    Failure   Level
 Animate Skeleton         Necr           2%         N/A       10%         1
 Pain                     Necr           4%         1d4       10%         1
 Vampiric Draining        Necr           0%         2d6       26%         3
 Ensorcelled Hibernation  Hex/Ice        Unusable   N/A       N/A         2
 Corona                   Hex            Unusable   N/A       N/A         1
 Tukima's Dance           Hex            Unusable   N/A       N/A         3

Dungeon Overview and Level Annotations

Branches:
Dungeon (7/15)             Temple (1/1) D:4

Altars:
Ashenzari
Cheibriados
Dithmenos
Elyvilon
Fedhas
Gozag
Hepliaklqana
Kikubaaqudgha
Makhleb
Nemelex Xobeh
Okawaru
Qazlal
Ru
Sif Muna
Trog
Uskayaw
Vehumet
Wu Jian
Xom
Yredelemnul
Zin
The Shining One

Shops:
D:1 (   D:5 *

Annotations:
D:5 3 runed translucent doors, Galthrax's ghost, novice DsVM; ioannis32's ghost, novice DsBe; sankara's ghost, amateur MiTm
D:7 Maggie


Innate Abilities, Weirdness & Mutations

You can breathe blasts of scalding, opaque steam.
Your pale cyan-grey scales are hard. (AC +7)
You cannot fit into any form of body armour.
You are cold-blooded and may be slowed by cold attacks.
You cannot study or cast Air magic.
You cannot study or cast Hexes magic.
You cannot study or cast Summoning magic.
You are immune to the effects of steam.


Message History

You hit Maggie.
Maggie is heavily wounded.
You are engulfed in a cloud of scalding steam.
Maggie casts a spell at you. The bolt of fire hits you!!
You hit Maggie but do no damage.
Maggie is poisoned.
Maggie is heavily wounded.
Maggie begins to cast a spell, but is stunned by your conviction!
You hit Maggie.
Maggie is severely wounded.
Maggie hits you with a +0 scimitar!!
* * * LOW HITPOINT WARNING * * *
Unknown command.
It was a potion of cancellation.
Your magical effects are unravelling.
You feel magically purged.
Your transformation has ended.
Your +2 cloak of willpower unmelds from your body.
Your +0 pair of gloves unmelds from your body.
You feel strong-willed.
Maggie gestures wildly while chanting.
Maggie attempts to bespell you!
You easily resist.
Unknown command.
Okay, then.
Okay, then.
Okay, then.
Aiming: Throw Flame
Press: ? - help, Shift-Dir - straight line, f/p - Maggie
Aim: Maggie, wielding a +0 scimitar and wearing +0 swamp dragon scales (severely wounded, very poisoned, 72% to hit)
The puff of flame hits Maggie!
Maggie is almost dead.
Maggie mumbles some strange words.
Maggie attempts to bespell you!
You easily resist.
Aiming: Throw Flame
Press: ? - help, Shift-Dir - straight line, f/p - Maggie
Aim: Maggie, wielding a +0 scimitar and wearing +0 swamp dragon scales (almost dead, poisoned, 72% to hit)
The puff of flame hits Maggie.
Maggie is almost dead.
Maggie hits you with a +0 scimitar!
You die...

#.......#.# #.#
#.#....#.# #.# ......#.#
#.# # #....#.# #.####.#
####....#.###......#
).......#.......########
#...<................
#####.@.#####.......##
....!...@..# #.........
.######.##.####.####.#
....#......<....#
#.##..######..##### #
<... #.... .#..# #...##
#. ..# #.... .. ######


You could see Maggie (poisoned).

Vanquished Creatures
  A two-headed ogre (D:6)
  Sigmund (D:6)
  2 water moccasins
  Duvessa (D:6)
  A black bear (D:6)
  Blork the orc (D:6)
  A water moccasin zombie (D:5)
  A wyvern zombie (D:6)
  A scorpion (D:6)
  Dowan (D:6)
  2 water moccasin skeletons
  A jelly (D:5)
  2 howler monkeys (D:4)
  A centaur zombie (D:6)
  2 orc priests (D:4)
  2 centaur skeletons
  5 hounds
  Crazy Yiuf (D:4)
  5 iguanas
  An orc wizard (D:4)
  11 gnolls
  4 adders
  A white imp (D:5)
  2 ufetubi
  An adder skeleton (D:4)
  A worm (D:3)
  8 dart slugs
  10 orcs
  6 ball pythons
  15 endoplasms
  2 giant cockroaches
  5 hobgoblins
  12 jackals
  4 quokkas
  4 bats
  3 frilled lizards (D:1)
  10 goblins
  3 kobolds
  4 rats
139 creatures vanquished.

Vanquished Creatures (others)
  6 fungi (D:6)
6 creatures vanquished.

Grand Total: 145 creatures vanquished

Notes
Turn   | Place    | Note
-------+----------+-------------------------------------------
     0 | D:1      | sankara the Draconian Transmuter began the quest for the
                  | Orb.
     0 | D:1      | Reached XP level 1. HP: 16/16 MP: 3/3
   334 | D:1      | Reached XP level 2. HP: 8/23 MP: 1/5
   612 | D:1      | Found Rebav's Antique Weapon Shop.
   647 | D:1      | Learned a level 2 spell: Wereblood
  1059 | D:1      | Found a faded altar of an unknown god.
  1476 | D:1      | Reached XP level 3. HP: 27/27 MP: 4/6
  1480 | D:1      | Learned a level 3 spell: Spider Form
  1867 | D:2      | Reached skill level 3 in Transmutations
  2503 | D:2      | Reached skill level 1 in Poison Magic
  2643 | D:2      | Reached XP level 4. HP: 35/35 MP: 0/7
  3010 | D:3      | Found a burning altar of Makhleb.
  4505 | D:4      | Reached XP level 5. HP: 36/40 MP: 4/8
  4540 | D:4      | Found a staircase to the Ecumenical Temple.
  4558 | D:4      | Reached skill level 4 in Transmutations
  4565 | Temple   | Entered the Ecumenical Temple
  4967 | Temple   | Became a worshipper of Ru the Awakened
  5287 | D:4      | Found a runed translucent door.
  5288 | D:4      | Noticed Crazy Yiuf
  5622 | D:4      | Reached XP level 6. HP: 20/47 MP: 6/9
  6192 | D:4      | Found a hazy altar of Hepliaklqana.
  6209 | D:4      | Reached skill level 5 in Transmutations
  7265 | D:4      | Your scales start taking on a pale cyan-grey colour.
  7265 | D:4      | Reached XP level 7. HP: 52/52 MP: 7/10
  7265 | D:4      | Gained mutation: You are immune to the effects of steam.
                  | [Pale Draconian growth]
  7270 | D:4      | Gained mutation: You cannot study or cast Air magic. [Ru
                  | sacrifice]
  7270 | D:4      | Gained mutation: You cannot study or cast Hexes magic. [Ru
                  | sacrifice]
  7270 | D:4      | Gained mutation: You cannot study or cast Summoning magic.
                  | [Ru sacrifice]
  7270 | D:4      | Reached * piety under Ru
  7498 | D:4      | Killed Crazy Yiuf
  7499 | D:4      | Reached skill level 5 in Unarmed Combat
  7691 | D:5      | Entered Level 5 of the Dungeon
  7707 | D:5      | Reached skill level 6 in Transmutations
  8026 | D:5      | Found a runed translucent gate.
  8028 | D:5      | Found Cifimm's Assorted Antiques.
  8050 | D:5      | Found a runed translucent gate.
  8050 | D:5      | Found a runed translucent gate.
  8164 | D:5      | Bought a runed cloak for 135 gold pieces
  8190 | D:5      | Noticed ioannis32's ghost (novice DsBe)
  8190 | D:5      | Noticed sankara's ghost (amateur MiTm)
  8190 | D:5      | Noticed Galthrax's ghost (novice DsVM)
  8248 | D:5      | Reached skill level 7 in Transmutations
  8522 | D:5      | Reached XP level 8. HP: 59/59 MP: 7/11
  8582 | D:5      | Learned a level 4 spell: Ice Form
  8745 | D:6      | Found an iron altar of Okawaru.
  8921 | D:6      | Noticed Dowan
  8922 | D:6      | Noticed Duvessa
  8954 | D:6      | Killed Dowan
  8955 | D:6      | Reached skill level 1 in Ice Magic
  8994 | D:6      | Killed Duvessa
  9097 | D:6      | Noticed a two-headed ogre
  9119 | D:6      | Killed a two-headed ogre
  9120 | D:6      | Reached skill level 8 in Transmutations
  9233 | D:6      | Reached XP level 9. HP: 51/71 MP: 4/12
  9427 | D:6      | Noticed Sigmund
  9440 | D:6      | Killed Sigmund
  9563 | D:6      | Found a stormy altar of Qazlal.
  9608 | D:6      | Noticed Blork the orc
  9617 | D:6      | Killed Blork the orc
 10247 | D:7      | Noticed Maggie
 10383 | D:7      | Slain by Maggie

Illustrated notes

Levels and vault maps discovered:
D:1:      dpeg_arrival_three_smaller_balls, layout_basic, serial_shops,
          nicolae_shop_window_shopping, chequers_ecumenical_altar_simple_redux
D:2:      layout_basic, dk_noncrumbling_4
D:3:      layout_basic, bloody_makhleb, kennysheep_boxes
D:4:      layout_gridville, old_standard_altar,
          minmay_temple_entry_statues_fountains, kennysheep_decorative_pillar,
          uniq_crazy_yiuf_cottage
D:5:      layout_basic, serial_shops, shop, gammafunk_ghost_cemetery,
          cheibrodos_gnoll_hut
D:6:      black_bear_nest_1, layout_basic, mainiacjoe_overflow_brackets,
          lemuel_tele_altar, serial_aquarium, aquarium_bridge_long_separate
          [aquarium_subvault_bridge, aquarium_subvault_bridge,
          aquarium_subvault_bridge, aquarium_subvault_bridge,
          aquarium_subvault_bridge, aquarium_subvault_bridge],
          aquarium_window_fake, aquarium_window_1, aquarium_view_2b,
          aquarium_view_2e, aquarium_balcony_3b, aquarium_pool_2, nrook_uturn,
          kennysheep_dice, uniq_blork_the_orc, uniq_duvessa, uniq_sigmund
D:7:      layout_basic, minivault_4, uniq_maggie
Temple:   dpeg_five_rooms_temple

Skill      XL: |  1  2  3  4  5  6  7  8  9 |
---------------+----------------------------+-----
Transmutations | 3 4 5 7 8 |  8.4
Poison Magic   | 1 2 3 |  3.0
Unarmed Combat | 4 5 7 |  7.2
Ice Magic      | 3 |  3.3
Fighting       | 4 |  4.6
Dodging        | 2 |  2.2
Spellcasting   | |  2.0

Action                   |  1- 3 |  4- 6 |  7- 9 || total
-------------------------+-------+-------+-------++-------
Melee: Unarmed           |   132 |   156 |    95 ||   383
       Kick              |    16 |       |       ||    16
       Tailslap          |     4 |     1 |       ||     5
       Headbutt          |     5 |       |       ||     5
 Cast: Beastly Appendage |    16 |     4 |       ||    20
       Spider Form       |    15 |    41 |    18 ||    74
       Ice Form          |       |       |     4 ||     4
Invok: Sacrifice Arcana  |       |       |     1 ||     1
 Abil: End Transformatio |       |     1 |     1 ||     2
       Breathe Steam     |       |       |    22 ||    22
Evoke: Wand              |       |       |     2 ||     2
  Use: Potion            |       |       |     1 ||     1
 Stab: Sleeping          |     2 |     2 |       ||     4
Armor: Skin              |    26 |    12 |     9 ||    47
Dodge: Dodged            |    87 |   138 |    74 ||   299
